 Dungeon Sprint DCSS version 0.21-a0-405-gf2af9a1 (webtiles) character file.

254 Kidiri the Skirmisher (level 5, -1/46 HPs)
             Began as a Demonspawn Berserker on Nov 1, 2017.
             Was an Elder of Trog.
             Slain by a white imp (5 damage)
             ... in the Dungeon (Sprint VII: "The Pits").
             The game lasted 00:02:02 (649 turns).

Kidiri the Skirmisher (Demonspawn Berserker)         Turns: 649, Time: 00:02:03

Health: -1/46      AC: 12    Str: 17    XL:     5   Next: 90%
Magic:  5/5        EV:  9    Int:  8    God:    Trog [****..]
Gold:   0          SH:  0    Dex: 14    Spells: 4/4 levels left

rFire    . . .     SeeInvis .   a - +2 falchion
rCold    . . .     Gourm    .   (no shield)
rNeg     . . .     Faith    .   q - +3 chain mail
rPois    .         Spirit   .   (helmet restricted)
rElec    .         Reflect  .   (no cloak)
rCorr    .         Harm     .   (no gloves)
MR       .....     NoTele   +   (no boots)
Stlth    ..........             (no amulet)
HPRegen  0.15/turn              (no ring)
MPRegen  0.09/turn              (no ring)

@: berserk cooldown, fainting, slowed, very slow
A: antennae 1
a: Berserk, Trog's Hand, Brothers in Arms, Burn Spellbooks, Renounce Religion


You were in the Dungeon.
You worshipped Trog.
Trog was greatly pleased with you.
You were fainting.

You visited 1 branch

Inventory:

Hand Weapons
 a - a +2 falchion (weapon)
Armour
 q - a +3 chain mail (worn)
Scrolls
 i - a scroll of blinking
 k - 3 scrolls of remove curse
 l - a scroll of summoning
Potions
 d - 6 potions of curing
 e - 6 potions of heal wounds
 f - a potion of haste
 g - 4 potions of magic
 h - 3 potions of berserk rage
 j - 2 potions of invisibility
Comestibles
 c - 7 bread rations
 m - 40 fruits
 n - 7 meat rations


   Skills:
 * Level 6.0 Fighting
 * Level 5.4 Long Blades
 + Level 3.2 Throwing
 * Level 5.0 Armour
 * Level 5.0 Dodging
 * Level 5.0 Stealth


You had 4 spell levels left.
You didn't know any spells.

Dungeon Overview and Level Annotations

Branches:
Dungeon (1/1)

Altars:
Ashenzari
Cheibriados
Dithmenos
Elyvilon
Fedhas
Gozag
Hepliaklqana
Kikubaaqudgha
Makhleb
Nemelex Xobeh
Okawaru
Qazlal
Ru
Sif Muna
Trog
Uskayaw
Vehumet
Wu Jian
Xom
Yredelemnul
Zin
The Shining One
Beogh
Jiyva
Lugonu


Innate Abilities, Weirdness & Mutations

You have a pair of small antennae on your head.


Message History

The white imp gestures at you.
Helpless, you fail to dodge the puff of frost.
You are no longer berserk.
You feel yourself slow down. The white imp gestures at you.
The puff of frost hits you!
* * * LOW HITPOINT WARNING * * *
The white imp hits you but does no damage. x4
The white imp gestures at you. The puff of frost hits you!
The white imp hits you.
* * * LOW HITPOINT WARNING * * *
The white imp freezes you.
* * * LOW HITPOINT WARNING * * *
The white imp barely misses you.
You can move again.
You closely miss the white imp. The white imp hits you.
* * * LOW HITPOINT WARNING * * *
The white imp freezes you.
You die...

#...........'.....
#'#####+#####.....
#.#..#...+.##.....
#.#..#...#.#####+#
#.#..#####.##.....
#.#..+...#.##.....
#.#..+...+.##.....
#.#..########...<.
#@#..+.)))[##.....
#5#..#.))).##.....
#w###########.....
#รท.#.#.##{{
###### #.......#
##.#.#.## ......
##.#.#.# .......#


You could see a worm and a white imp.

Vanquished Creatures
  A hungry ghost (D)
  A floating eye (D)
  An adder (D)
  An ooze (D)
  A leopard gecko (D)
  A bat zombie (D)
  A giant cockroach (D)
  A ball python (D)
  2 leopard gecko zombies (D)
  2 rats (D)
12 creatures vanquished.

Notes
Turn   | Place    | Note
-------+----------+-------------------------------------------
     0 | D        | Kidiri the Demonspawn Berserker began the quest for the Orb.
     0 | D        | Reached XP level 1. HP: 18/18 MP: 1/1
    17 | D        | Reached skill level 1 in Stealth
    50 | D        | Found a bloodstained altar of Trog.
    50 | D        | Found a deep blue altar of Sif Muna.
    50 | D        | Found a viscous altar of Jiyva.
    50 | D        | Found a hazy altar of Hepliaklqana.
    50 | D        | Found an opulent altar of Gozag.
    51 | D        | Found a glowing golden altar of the Shining One.
    51 | D        | Found a glowing silver altar of Zin.
    51 | D        | Found a basalt altar of Yredelemnul.
    51 | D        | Found a shimmering altar of Xom.
    51 | D        | Found an ornate altar of the Wu Jian Council.
    51 | D        | Found a sacrificial altar of Ru.
    51 | D        | Found a stormy altar of Qazlal.
    51 | D        | Found an iron altar of Okawaru.
    51 | D        | Found a sparkling altar of Nemelex Xobeh.
    51 | D        | Found a burning altar of Makhleb.
    51 | D        | Found a blossoming altar of Fedhas.
    51 | D        | Found a white marble altar of Elyvilon.
    51 | D        | Found a shadowy altar of Dithmenos.
    51 | D        | Found a snail-covered altar of Cheibriados.
    53 | D        | Found a radiant altar of Vehumet.
    53 | D        | Found a corrupted altar of Lugonu.
    53 | D        | Found a roughly hewn altar of Beogh.
    54 | D        | Found a hide-covered altar of Uskayaw.
    54 | D        | Found an ancient bone altar of Kikubaaqudgha.
    54 | D        | Found a shattered altar of Ashenzari.
    69 | D        | Reached ** piety under Trog
    91 | D        | Reached skill level 1 in Throwing
    91 | D        | Gained mutation: You have a pair of small antennae on your head. [demonic ancestry]
    91 | D        | Reached XP level 2. HP: 18/24 MP: 2/2
   380 | D        | Reached *** piety under Trog
   476 | D        | Noticed a floating eye
   480 | D        | Paralysed by a floating eye for 3 turns
   484 | D        | Paralysed by a floating eye for 3 turns
   488 | D        | Killed a floating eye
   488 | D        | Reached skill level 5 in Fighting
   488 | D        | Reached XP level 3. HP: 32/33 MP: 3/3
   488 | D        | Reached XP level 4. HP: 38/39 MP: 4/4
   489 | D        | Reached **** piety under Trog
   599 | D        | Noticed a hungry ghost
   637 | D        | Killed a hungry ghost
   637 | D        | Reached skill level 6 in Fighting
   637 | D        | Reached skill level 5 in Long Blades
   637 | D        | Reached skill level 5 in Armour
   637 | D        | Reached skill level 5 in Dodging
   637 | D        | Reached skill level 5 in Stealth
   637 | D        | Reached XP level 5. HP: 46/46 MP: 5/5
   639 | D        | Paralysed by fainting for 9 turns
   649 | D        | Slain by a white imp

Vault maps used:
D:        pitsprint

Skill      XL: |  1  2  3  4 |
---------------+-------------+-----
Long Blades    | 3 4 5 |  5.4
Armour         | 2 4 5 |  5.0
Dodging        | 2 4 5 |  5.0
Stealth        | 1 3 5 |  5.0
Throwing       | 1 2 3 |  3.2
Fighting       | 5 6 |  6.0

Action                   |  1- 3 |  4- 6 || total
-------------------------+-------+-------++-------
Melee: Falchion          |    28 |    34 ||    62
Invok: Berserk           |       |     1 ||     1
 Stab: Sleeping          |     2 |       ||     2
  Eat: Bread ration      |       |     1 ||     1
       Chunk             |       |     1 ||     1
Armor: Animal skin       |    16 |       ||    16
       Chain mail        |     4 |    20 ||    24
Dodge: Dodged            |    26 |    15 ||    41
       Rpst.: Falchion   |    11 |     3 ||    14

Table legend:
 A = Spawn XP
 B = Non-spawn XP
 C = Spawn XP percentage of total XP
 D = Spawn monster count
 E = Non-spawn monster count
 F = Spawn count percentage of total count
 G = Total turns spent on level
                    A         B        C        D         E        F      G
               +---------+---------+-------+---------+---------+-------+---------
         Total |       0 |     363 |   0.0 |       0 |      12 |   0.0 |   649
               +---------+---------+-------+---------+---------+-------+---------
             D |       0 |     363 |   0.0 |       0 |      12 |   0.0 |   649
               +---------+---------+-------+---------+---------+-------+---------
